 Dungeon Crawl Stone Soup version 0.32-a0-953-g508020473e (webtiles) character file.

Game seed: 15472689725449725476

1358 Autsider the Cutter (level 8, -4/42 HPs)
             Began as a Vine Stalker Warper on Apr 16, 2024.
             Was a Follower of Uskayaw.
             Shot with an arrow by a centaur (9 damage)
             ... on level 7 of the Dungeon.
             The game lasted 00:12:11 (5049 turns).

Autsider the Cutter (Vine Stalker Warper)           Turns: 5049, Time: 00:12:11

Health: -4/42      AC: -2    Str: 14    XL:     8   Next: 64%
Magic:  0/21       EV: 10    Int: 13    God:    Uskayaw [*.....]
Gold:   179        SH:  5    Dex: 16    Spells: 11/11 levels left

rFire   . . .        u - +1 dagger (freeze)
rCold   . . .        j - +0 buckler
rNeg    . . .        r - +2 leather armour {rPois}
rPois   +            (no helmet)
rElec   .            e - +1 cloak
rCorr   .            p - +0 pair of gloves
SInv    .            B - +0 pair of boots
Will    +....        (no amulet)
Stlth   +++          o - ring of magical power
HPRegen 1.07/turn    q - +4 ring of protection
MPRegen 0.17/turn

%: guardian spirit
@: corroded
A: fangs 3, regeneration 1, magic shield, antimagic bite, no potion heal 2
a: Renounce Religion, Stomp


You were on level 7 of the Dungeon.
You worshipped Uskayaw.
Uskayaw was noncommittal.
You visited 2 branches of the dungeon, and saw 9 of its levels.
You also visited: Sewer.

You collected 179 gold pieces.

Inventory:

Hand Weapons
 a - a +0 short sword
 u - a +1 dagger of freezing (weapon)
Missiles
 d - 7 darts of dispersal (quivered)
 l - 11 poisoned darts
 n - 5 javelins
Armour
 e - a +1 cloak (worn)
 j - a +0 buckler (worn)
 p - a +0 pair of gloves (worn)
 r - a +2 leather armour of poison resistance (worn)
 B - a +0 pair of boots (worn)
Jewellery
 o - a ring of magical power (left hand)
 q - a +4 ring of protection (right hand)
 s - a ring of ice
Scrolls
 c - a scroll of revelation
 g - 7 scrolls of teleportation {@r2}
 h - a scroll of fog
 k - a scroll of poison {unknown}
 v - a scroll of fear
 y - 3 scrolls of identify {@r1}
Potions
 b - 2 potions of heal wounds {unknown}
 f - 2 potions of magic {unknown}
 i - 2 potions of enlightenment
 m - 2 potions of attraction
 t - a potion of invisibility {unknown}
 w - a potion of mutation {unknown}
 x - a potion of brilliance {unknown}
 z - a potion of haste {unknown}
 A - a potion of might {unknown}


   Skills:
 + Level 4.5 Fighting
 * Level 6.2 Short Blades
 - Level 0.8 Throwing
 - Level 0.7 Armour
 - Level 1.5 Dodging
 + Level 5.7 Stealth
 + Level 3.8 Shields
 - Level 2.1 Spellcasting
 - Level 3.0 Translocations
 + Level 0.0 Invocations


You had 11 spell levels left.
You didn't know any spells.
Your spell library contained the following spells:

 Spells                   Type           Power      Damage    Failure   Level
 Blink                    Tloc           18%        N/A       19%         2
 Lesser Beckoning         Tloc           18%        N/A       19%         2
 Momentum Strike          Conj/Tloc      10%        3d8       34%         2
 Maxwell's Portable Pile  Tloc           9%         2d(6-16)  36%         3
 Teleport Other           Tloc           9%         N/A       36%         3
 Magic Dart               Conj           4%         1d3       38%         1
 Ensorcelled Hibernation  Hex/Ice        2%         N/A       54%         2
 Searing Ray              Conj           2%         2d4       54%         2
 Passwall                 Erth           1%         N/A       77%         3
 Swiftness                Air            1%         N/A       77%         3
 Vhi's Electric Charge    Tloc/Air       10%        N/A       92%         4
 Brom's Barrelling Bould  Conj/Erth      1%         2d3       99%         4
 Fulminant Prism          Conj/Alch      0%         3d5       99%         4
 Summon Forest            Summ/Tloc      2%         N/A       99%         5
 Summon Mana Viper        Hex/Summ       1%         N/A       100%        5
 Bombard                  Conj/Erth      0%         9d1       100%        6
 Summon Cactus Giant      Summ           0%         N/A       100%        6
 Magnavolt                Erth/Air       0%         3d9       100%        7
 Seismic Cannonade        Alch/Erth      0%         6d4       100%        7
 Maxwell's Capacitive Co  Air            0%         ∞         100%        8


Dungeon Overview and Level Annotations

Branches:
Dungeon (8/15)             Temple (1/1) D:4           Sewer (visited)
   Lair: D:8-11

Altars:
Cheibriados
Elyvilon
Gozag
Hepliaklqana
Kikubaaqudgha
Makhleb
Nemelex Xobeh
Okawaru
Qazlal
Ru
Sif Muna
Trog
Uskayaw
Vehumet
Wu Jian
Xom
Yredelemnul
Zin
The Shining One

Annotations:
D:2 exclusion: downstairs
D:3 Grinder, Sigmund
D:5 2 runed translucent doors, Winter's ghost, novice MDFi
D:8 Grum
Temple 2 transporters


Innate Abilities, Weirdness & Mutations

You have razor-sharp teeth.
Your natural rate of healing is unusually fast.
When hurt, damage is shared between your health and your magic reserves.
Your bite disrupts and absorbs the magic of your enemies.
Potions cannot restore your health.


Message History

There is a stone staircase leading up here.
The hound closely misses you.
You climb upwards.
There is a stone staircase leading down here.
The hound bites you.
* * * LOW HITPOINT WARNING * * *
The centaur wields a +0 orcbow.
The centaur shoots an arrow.
The arrow hits you!
* * * LOW HITPOINT WARNING * * *
The hound barely misses you. The hound bites you.
* * * LOW HITPOINT WARNING * * *
The centaur shoots an arrow.
You block the arrow. The hound attacks as it pursues you! The hound bites you.
* * * LOW HITPOINT WARNING * * *
The centaur shoots an arrow.
The arrow barely misses you. The hound barely misses you.
The hound attacks as it pursues you! The hound bites you.
* * * LOW HITPOINT WARNING * * *
The hound bites you.
* * * LOW HITPOINT WARNING * * *
You hit the hound but do no damage. You bite the hound, but do no damage.
The hound is moderately wounded.
You block the hound's attack. The hound bites you.
You closely miss the hound. You bite the hound. You drain its power.
You feel invigorated.
The hound is heavily wounded.
You block the hound's attack.
You barely miss the hound.
The hound is heavily wounded.
The hound bites you.
* * * LOW HITPOINT WARNING * * *
You miss the hound. Your bite misses the hound.
The hound is heavily wounded.
You block the hound's attack.
You hit the hound but do no damage.
The hound is heavily wounded.
The centaur shoots an arrow.
The arrow hits you!
You die...
Your body falls in perfect tune with the rhythm.

.## ... .. #. #.####
#....# #...@#
#.ch##########
#...##.>.....#
#............#
#............#
#............#
#...##.c.....#
###+#####...##.......#
#....................#


You could see a centaur and a hound.

Vanquished Creatures
  A wyvern (D:7)
  A water moccasin (D:6)
  A sky beast (D:6)
  2 ogres
  A phantom (D:5)
  A bullfrog (D:5)
  2 brain worms (Sewer)
  A scorpion (D:5)
  5 hounds
  2 orc priests
  An orc wizard (D:5)
  3 iguanas
  7 adders
  3 river rats (Sewer)
  A white imp (D:6)
  2 ribbon worms (D:5)
  A dart slug (D:2)
  12 orcs
  6 ball pythons
  5 bats
  7 endoplasms
  6 giant cockroaches
  2 goblins
  8 hobgoblins
  6 jackals (D:2)
  6 quokkas
  6 frilled lizards
  5 kobolds
  9 rats
113 creatures vanquished.

Notes
Turn   | Place    | Note
-------+----------+-------------------------------------------
     0 | D:1      | Autsider the Vine Stalker Warper began the quest for the
                  | Orb.
     0 | D:1      | Reached XP level 1. HP: 11/11 MP: 4/4
   173 | D:1      | Reached skill level 2 in Short Blades
   224 | D:1      | Reached XP level 2. HP: 15/15 MP: 6/6
   299 | D:1      | Reached skill level 1 in Stealth
   793 | D:2      | Reached XP level 3. HP: 18/18 MP: 7/7
  1345 | D:2      | Reached XP level 4. HP: 23/23 MP: 8/8
  1431 | D:3      | Noticed Grinder
  1548 | D:3      | Reached skill level 3 in Short Blades
  1548 | D:3      | Reached skill level 1 in Shields
  1796 | D:3      | Noticed Sigmund
  2029 | D:3      | Paralysed by Grinder for 5 turns
  2050 | D:3      | Paralysed by Grinder for 4 turns
  2237 | D:3      | Paralysed by Grinder for 2 turns
  2331 | D:4      | Reached XP level 5. HP: 27/27 MP: 9/9
  2675 | D:4      | Found a staircase to the Ecumenical Temple.
  2699 | Temple   | Found a transporter.
  2699 | Temple   | Found a transporter.
  2699 | Temple   | Found a transporter.
  2699 | Temple   | Found a transporter.
  2699 | Temple   | Entered the Ecumenical Temple
  2717 | Temple   | Became a worshipper of Uskayaw the Reveller
  2817 | D:4      | Reached * piety under Uskayaw
  3154 | D:5      | Entered Level 5 of the Dungeon
  3154 | D:5      | Found a runed translucent door.
  3176 | D:5      | Reached ** piety under Uskayaw
  3203 | D:5      | Reached XP level 6. HP: 32/32 MP: 10/10
  3266 | D:5      | Reached skill level 4 in Short Blades
  3370 | D:5      | Found a runed translucent door.
  3374 | D:5      | Noticed Winter's ghost (novice MDFi)
  3543 | D:5      | Reached XP level 7. HP: 33/36 MP: 11/11
  3721 | D:5      | Found a glowing golden altar of the Shining One.
  3978 | D:6      | Found a glowing drain.
  3985 | Sewer    | Entered a sewer
  4083 | Sewer    | Reached *** piety under Uskayaw
  4084 | Sewer    | Reached skill level 5 in Short Blades
  4093 | Sewer    | Reached **** piety under Uskayaw
  4535 | D:6      | Reached skill level 5 in Stealth
  4535 | D:6      | Gained mutation: You have razor-sharp teeth. [Vine Stalker
                  | growth]
  4535 | D:6      | Reached XP level 8. HP: 42/42 MP: 12/12
  4866 | D:6      | Reached skill level 6 in Short Blades
  4870 | D:6      | Found a glowing silver altar of Zin.
  4950 | D:7      | Noticed a wyvern
  4985 | D:7      | Killed a wyvern
  5036 | D:8      | Noticed Grum
  5041 | D:7      | HP: 2/42 [hound (2)]
  5049 | D:7      | Shot with an arrow by a centaur

Illustrated notes

Levels and vault maps discovered:
D:1:      tarquinn_simple_flora_water_f, layout_loops_ring, serial_forest,
          infiniplex_forest_clump_curved, infiniplex_forest_clump_medium,
          infiniplex_forest_straight_4, infiniplex_forest_zigzag_2,
          infiniplex_forest_lined_2, infiniplex_forest_lined_1,
          infiniplex_forest_end_2, infiniplex_forest_straight_2,
          chequers_serial_rivers_marsh
D:2:      minmay_evil_eye, layout_basic
D:3:      layout_basic, uniq_grinder, uniq_sigmund
D:4:      layout_basic, minmay_temple_entry_trees
D:5:      layout_rooms, nicolae_tso_swordbearing_angel, ebering_ghost_sewer_f
D:6:      nicolae_cairo_tiling_very_big, layout_basic, marbit_many_paths,
          portal_sewer_entry_e, roderic_roman_lattice
D:7:      layout_gridville, serial_shops, nicolae_shop_waterfront
D:8:      layout_cave_pools, uniq_maurice, uniq_grum
Temple:   hellmonk_temple_divided_pantheon

Skill      XL: |  1  2  3  4  5  6  7  8 |
---------------+-------------------------+-----
Short Blades   | 2 3 4 5 6 |  6.2
Fighting       | 2 3 4 |  4.5
Stealth        | 1 2 3 5 |  5.7
Shields        | 1 2 3 |  3.8
Throwing       | |  0.8
Armour         | |  0.7
Dodging        | |  1.5
Spellcasting   | |  2.1
Translocations | |  3.0

Action                     |  1- 3 |  4- 6 |  7- 9 || total
---------------------------+-------+-------+-------++-------
  Melee: Short sword       |   137 |   247 |    20 ||   404
         Bite              |    30 |    68 |    64 ||   162
         Dagger            |       |       |   208 ||   208
    Use: Scroll            |       |     1 |     7 ||     8
   Stab: Distracted        |     1 |       |       ||     1
         Sleeping          |     3 |     4 |     6 ||    13
         Paralysed         |       |       |     4 ||     4
 Armour: Leather armour    |    87 |   159 |   146 ||   392
         Skin              |       |     1 |       ||     1
  Dodge: Dodged            |    63 |   106 |    89 ||   258
  Block: Buckler           |    18 |    50 |    46 ||   114

Table legend: (Time is in decaauts)
 A = Elapsed time spent in this place.
 B = Non-inter-level travel time spent in this place.
 C = Inter-level travel time spent in this place.
 D = Time resting spent in this place.
 E = Time spent auto-exploring this place.
 F = Levels seen in this place.
 G = Mean time per level.
                   A        B        C        D        E       F      G
               +--------+--------+--------+--------+--------+-----+--------+
         Total |   5026 |   4805 |    221 |     12 |   3283 |  10 |  502.6 |
       Dungeon |   4505 |   4292 |    213 |     12 |   3025 |   8 |  563.1 |
        Temple |     33 |     25 |      8 |      0 |      0 |   1 |   33.0 |
         Sewer |    487 |    487 |      0 |      0 |    258 |   1 |  487.0 |
               +--------+--------+--------+--------+--------+-----+--------+

Top non-repeatable levels by time:
     D:4: 825 daAuts
     D:1: 776 daAuts
     D:3: 747 daAuts
     D:2: 744 daAuts
     D:5: 660 daAuts
     D:6: 629 daAuts
   Sewer: 487 daAuts
     D:7: 120 daAuts
  Temple: 33 daAuts
     D:8: 1 daAuts
